 Dungeon Sprint DCSS version 0.27-a0-412-g8dd771eca2 (webtiles) character file.

Game seed: 14819586861948436692

1197 Gaff the Spear-Bearer (level 8, 0/129 HPs)
             Began as a Minotaur Berserker on Feb 24, 2021.
             Was an Elder of Trog.
             Slain by a demonic crawler (1 damage)
             ... in the Dungeon (Sprint I: "Red Sonja").
             The game lasted 00:01:40 (626 turns).

Gaff the Spear-Bearer (Minotaur Berserker)           Turns: 626, Time: 00:01:41

Health: 0/129      AC:  3    Str: 24    XL:     8   Next: 20%
Magic:  7/7        EV: 14    Int:  4    God:    Trog [****..]
Gold:   405        SH:  0    Dex: 10    Spells: 7/7 levels left

rFire    . . .     SeeInvis .   k - +1 scythe (vorpal)
rCold    . . .     Faith    .   (shield currently unavailable)
rNeg     . . .     Spirit   .   j - +0 leather armour
rPois    .         Reflect  .   (helmet restricted)
rElec    .         Harm     .   (no cloak)
rCorr    .         Rampage  .   (no gloves)
Will     .....     NoTele   +   (no boots)
Stlth    ..........             (no amulet)
HPRegen  0.31/turn              (no ring)
MPRegen  0.10/turn              (no ring)

@: berserking, very quick
A: retaliatory headbutt, horns 2
a: Renounce Religion, Berserk, Trog's Hand, Brothers in Arms


You were in the Dungeon.
You worshipped Trog.
Trog was greatly pleased with you.
You visited 1 branch You collected 405 gold pieces.

Inventory:

Hand Weapons
 a - a +0 spear
 k - a +1 vorpal scythe (weapon)
Armour
 b - a +0 animal skin
 j - a +0 leather armour (worn)
 l - a +2 robe of cold resistance
Wands
 i - a wand of random effects (22)
Scrolls
 h - a scroll of blinking
Potions
 c - 2 potions of curing
 d - a potion of heal wounds
 e - a potion of haste
 f - 2 potions of magic
 g - a potion of berserk rage


   Skills:
 + Level 13.3 Fighting
 + Level 14.1 Polearms
 + Level 7.0 Armour
 + Level 6.6 Dodging


You had 7 spell levels left.
You didn't know any spells.
Your spell library was empty.

Dungeon Overview and Level Annotations

Branches:
Dungeon (1/1)

Altars:
Cheibriados
Dithmenos
Elyvilon
Fedhas
Gozag
Hepliaklqana
Kikubaaqudgha
Makhleb
Nemelex Xobeh
Okawaru
Qazlal
Ru
Sif Muna
Trog
Uskayaw
Vehumet
Wu Jian
Xom
Yredelemnul
Zin
The Shining One
Jiyva
Lugonu

Shops:
D ?


Innate Abilities, Weirdness & Mutations

You reflexively headbutt those who attack you in melee.
You have a pair of horns on your head.


Message History

You feel your anger nearly subside.
You are no longer berserk.
You are exhausted.
You feel yourself slow down.
You start resting.
HP restored.
You start waiting.
You feel yourself speed up.
You start waiting.
You recover from your berserk rage.
You open the door. 4 demonic crawlers come into view.
The demonic crawler gives a hideous shriek! x3
The demonic crawler hits you! The demonic crawler hits you.
The demonic crawler misses you.
A red film seems to cover your vision as you go berserk!
You feel yourself moving faster!
You feel mighty!
You slice the demonic crawler!!
The demonic crawler is heavily wounded.
The demonic crawler barely misses you. The demonic crawler hits you.
The demonic crawler hits you! x2; The demonic crawler closely misses you.
The demonic crawler hits you!
You barely miss the demonic crawler.
The demonic crawler is heavily wounded.
The demonic crawler hits you!
The demonic crawler hits you but does no damage.
The demonic crawler hits you. The demonic crawler hits you! x2
* * * LOW HITPOINT WARNING * * *
The demonic crawler hits you!
* * * LOW HITPOINT WARNING * * *
You hit the demonic crawler. You headbutt the demonic crawler!
The demonic crawler is severely wounded.
The demonic crawler closely misses you. The demonic crawler misses you.
The demonic crawler hits you!
* * * LOW HITPOINT WARNING * * *
The demonic crawler misses you. The demonic crawler hits you.
* * * LOW HITPOINT WARNING * * *
The demonic crawler closely misses you. x2; You furiously retaliate!
You headbutt the demonic crawler! The demonic crawler hits you!
* * * LOW HITPOINT WARNING * * *
The demonic crawler hits you.
You die...

##################
.#..'..#__#..')..#
.'÷.#..'..'.)#..s##+#
'#####'#__####..@ss.#
.#...#)#### #####s.+
##..##)# ## _##'#_.+
..†..._# _##_.#'#
_###+#.# ## ###


You could see 4 demonic crawlers.

Vanquished Creatures
  2 kobold demonologists (D)
  A slime creature (D)
  Sigmund (D)
  A yak (D)
  A floating eye (D)
  An ogre (D)
  A jelly (D)
  Ijyb (D)
9 creatures vanquished.

Vanquished Creatures (others)
  A gargoyle (D)
1 creature vanquished.

Grand Total: 10 creatures vanquished

Notes
Turn   | Place    | Note
-------+----------+-------------------------------------------
     0 | D        | Gaff the Minotaur Berserker began the quest for the Orb.
     0 | D        | Reached XP level 1. HP: 19/19 MP: 0/0
     1 | D        | Noticed Ijyb
     6 | D        | Killed Ijyb
     7 | D        | Reached skill level 5 in Fighting
     7 | D        | Reached skill level 5 in Polearms
     7 | D        | Reached XP level 2. HP: 29/29 MP: 1/1
    54 | D        | Noticed an ogre
    64 | D        | Killed an ogre
    65 | D        | Reached skill level 7 in Polearms
    65 | D        | Reached XP level 3. HP: 40/40 MP: 2/2
    65 | D        | Reached XP level 4. HP: 48/48 MP: 3/3
   129 | D        | Noticed Sigmund
   143 | D        | Killed Sigmund
   143 | D        | Reached ** piety under Trog
   144 | D        | Reached skill level 10 in Fighting
   144 | D        | Reached skill level 10 in Polearms
   144 | D        | Reached skill level 5 in Armour
   144 | D        | Reached XP level 5. HP: 15/58 MP: 4/4
   212 | D        | Killed a gargoyle
   470 | D        | Found an ornate altar of the Wu Jian Council.
   470 | D        | Found a shimmering blue altar of Sif Muna.
   472 | D        | Found a radiant altar of Vehumet.
   475 | D        | Reached XP level 6. HP: 58/66 MP: 5/5
   494 | D        | Found Nijiguh's Magic Scroll Emporium.
   494 | D        | Found an ancient bone altar of Kikubaaqudgha.
   494 | D        | Found a hazy altar of Hepliaklqana.
   494 | D        | Found a stormy altar of Qazlal.
   494 | D        | Found a hide-covered altar of Uskayaw.
   494 | D        | Found a blossoming altar of Fedhas.
   494 | D        | Found a bloodstained altar of Trog.
   494 | D        | Found an iron altar of Okawaru.
   494 | D        | Found a basalt altar of Yredelemnul.
   494 | D        | Found a glowing golden altar of the Shining One.
   494 | D        | Found a snail-covered altar of Cheibriados.
   494 | D        | Found a sacrificial altar of Ru.
   494 | D        | Found a glowing silver altar of Zin.
   494 | D        | Found a shadowy altar of Dithmenos.
   494 | D        | Found a white marble altar of Elyvilon.
   494 | D        | Noticed a yak
   498 | D        | Killed a yak
   499 | D        | Reached skill level 11 in Polearms
   499 | D        | Reached skill level 5 in Dodging
   499 | D        | Found an opulent altar of Gozag.
   500 | D        | Found a sparkling altar of Nemelex Xobeh.
   527 | D        | Found a burning altar of Makhleb.
   527 | D        | Found a viscous altar of Jiyva.
   527 | D        | Found a shimmering altar of Xom.
   527 | D        | Found a corrupted altar of Lugonu.
   527 | D        | Noticed a slime creature
   530 | D        | Killed a slime creature
   530 | D        | Reached *** piety under Trog
   531 | D        | Reached skill level 12 in Polearms
   531 | D        | Reached XP level 7. HP: 75/75 MP: 6/6
   577 | D        | Noticed a kobold demonologist
   577 | D        | Noticed a kobold demonologist
   579 | D        | Noticed a chaos spawn
   582 | D        | Killed a kobold demonologist
   583 | D        | Reached skill level 13 in Polearms
   585 | D        | Killed a kobold demonologist
   585 | D        | Reached **** piety under Trog
   586 | D        | Reached skill level 14 in Polearms
   586 | D        | Reached XP level 8. HP: 86/86 MP: 7/7
   622 | D        | Noticed a demonic crawler
   622 | D        | Noticed a demonic crawler
   622 | D        | Noticed a demonic crawler
   622 | D        | Noticed a demonic crawler
   626 | D        | HP: 1/129 [demonic crawler (12)]
   626 | D        | Slain by a demonic crawler

Illustrated notes

Levels and vault maps discovered:
D:        dungeon_sprint_1 [red_sonja_temple_1, red_sonja_temple_small_1]

Skill      XL: |  1  2  3  4  5  6  7 |
---------------+----------------------+-----
Fighting       | 5 7 10 11 13 | 13.3
Polearms       | 5 7 10 12 14 | 14.1
Armour         | 3 4 5 6 7 |  7.0
Dodging        | 3 4 5 6 |  6.6

Action                   |  1- 3 |  4- 6 |  7- 9 || total
-------------------------+-------+-------+-------++-------
Melee: Spear             |     8 |     8 |       ||    16
       Headbutt          |     2 |     3 |     1 ||     6
       Scythe            |       |     7 |     9 ||    16
Invok: Berserk           |     2 |     2 |     2 ||     6
Armor: Leather armour    |       |     1 |     1 ||     2
Dodge: Dodged            |     5 |     7 |    11 ||    23

Table legend: (Time is in decaauts)
 A = Elapsed time spent in this place.
 B = Non-inter-level travel time spent in this place.
 C = Inter-level travel time spent in this place.
 D = Time resting spent in this place.
 E = Time spent auto-exploring this place.
 F = Levels seen in this place.
 G = Mean time per level.
                   A        B        C        D        E       F      G
               +--------+--------+--------+--------+--------+-----+--------+
         Total |    676 |    676 |      0 |    498 |      0 |   1 |  676.0 |
       Dungeon |    676 |    676 |      0 |    498 |      0 |   1 |  676.0 |
               +--------+--------+--------+--------+--------+-----+--------+

Top non-repeatable levels by time:
       D: 676 daAuts
